ORI
MISSISSIPPI STATE UNIVERSITY BULLDOGS @ COASTAL CAROLINA UNIVERSITY CHANTICLEERS
07/18/2049
 
TOP OF THE 1ST
Mississippi State University Bulldogs batting - Pitching for Coastal Carolina University Chanticleers : RHP Johnnie Cowan
Pitching: RHP Johnnie Cowan
Batting: SHB Toshinori Shimabukuro 0-0: Called Strike
0-1: Foul Ball, location: 2F
0-2: Foul Ball, location: 2F
0-2: Ground out 4-3 (Groundball, 34, EV 103.1 MPH)
Batting: RHB Logan Strassburg 0-0: Ball
1-0: Foul Ball, location: 2F
1-1: Swinging Strike
1-2: DOUBLE (Line Drive, 89XD, EV 104.4 MPH)
Batting: RHB Benito Gonzales 0-0: Called Strike
0-1: Fly out, F9 (Line Drive, 9, EV 85.0 MPH)
Batting: SHB Jim Rutherford 0-0: Fly out, F7 (Flyball, 78D, EV 90.0 MPH)
Top of the 1st over - 0 runs, 1 hit, 0 errors, 1 left on base; Mississippi State University 0 - Coastal Carolina University 0
BOTTOM OF THE 1ST
Coastal Carolina University Chanticleers batting - Pitching for Mississippi State University Bulldogs : RHP Randy Kirby
Pitching: RHP Randy Kirby
Batting: LHB Cheol-chung Joe 0-0: Fly out, F3 (Popup, 23F, EV 86.2 MPH)
Batting: RHB Rene Napoles 0-0: Called Strike
0-1: Ball
1-1: Swinging Strike
1-2: Foul Ball, location: 2F
1-2: Strikes out swinging
Batting: RHB Tristan Walsh 0-0: Swinging Strike
0-1: Ball
1-1: Foul Ball, location: 2F
1-2: SINGLE (Flyball, 7S, EV 91.2 MPH)
Batting: RHB Greg Williams 0-0: Foul Ball, location: 2F
0-1: Swinging Strike
0-2: Strikes out looking
Bottom of the 1st over - 0 runs, 1 hit, 0 errors, 1 left on base; Mississippi State University 0 - Coastal Carolina University 0
TOP OF THE 2ND
Mississippi State University Bulldogs batting - Pitching for Coastal Carolina University Chanticleers : RHP Johnnie Cowan
Batting: RHB Masahito Sunada 0-0: Called Strike
0-1: Ball
1-1: Foul Ball, location: 2F
1-2: Reached on error, E7 (Flyball, 7LD, EV 98.8 MPH)
Batting: RHB Eric Riley 0-0: Swinging Strike
0-1: Foul Ball, location: 2F
0-2: Foul Ball, location: 2F
0-2: Fly out, F8 (Flyball, 89M, EV 87.5 MPH)
Batting: RHB Karl Lukasiewicz 0-0: Called Strike
0-1: Called Strike
0-2: Strikes out swinging
Batting: RHB Bill Petipas 0-0: Foul Ball, location: 2F
0-1: Fly out, F7 (Line Drive, 7, EV 103.8 MPH)
Top of the 2nd over - 0 runs, 0 hits, 1 error, 1 left on base; Mississippi State University 0 - Coastal Carolina University 0
BOTTOM OF THE 2ND
Coastal Carolina University Chanticleers batting - Pitching for Mississippi State University Bulldogs : RHP Randy Kirby
Batting: RHB Kees Vroom 0-0: Fly out, F7 (Flyball, 7LSF, EV 94.4 MPH)
Batting: RHB Johnnie Cowan 0-0: Ball
1-0: DOUBLE (Line Drive, 78M, EV 109.4 MPH)
Batting: RHB Ling-kung Hsing 0-0: Ground out 5-3 (Groundball, 56S, EV 84.4 MPH)
Batting: LHB Justin Sanders 0-0: Called Strike
0-1: Called Strike
0-2: Strikes out swinging
Bottom of the 2nd over - 0 runs, 1 hit, 0 errors, 1 left on base; Mississippi State University 0 - Coastal Carolina University 0
TOP OF THE 3RD
Mississippi State University Bulldogs batting - Pitching for Coastal Carolina University Chanticleers : RHP Johnnie Cowan
Batting: LHB Tom Ploughman 0-0: Ball
1-0: Ball
2-0: Foul Ball, location: 2F
2-1: Swinging Strike
2-2: Strikes out looking
Batting: SHB Toshinori Shimabukuro 0-0: Foul Ball, location: 2F
0-1: Foul Ball, location: 2F
0-2: Ball
1-2: Strikes out looking
Batting: RHB Logan Strassburg 0-0: Foul Ball, location: 2F
0-1: Foul Ball, location: 2F
0-2: Ball
1-2: Strikes out swinging
Top of the 3rd over - 0 runs, 0 hits, 0 errors, 0 left on base; Mississippi State University 0 - Coastal Carolina University 0
BOTTOM OF THE 3RD
Coastal Carolina University Chanticleers batting - Pitching for Mississippi State University Bulldogs : RHP Randy Kirby
Batting: SHB Iher Waithaka 0-0: Ball
1-0: Fly out, F8 (Flyball, 8RM, EV 90.0 MPH)
Batting: LHB Cheol-chung Joe 0-0: Fly out, F6 (Popup, 6, EV 65.6 MPH)
Batting: RHB Rene Napoles 0-0: Swinging Strike
0-1: Foul Ball, location: 2F
0-2: Foul Ball, location: 2F
0-2: Foul Ball, location: 2F
0-2: Strikes out swinging
Bottom of the 3rd over - 0 runs, 0 hits, 0 errors, 0 left on base; Mississippi State University 0 - Coastal Carolina University 0
TOP OF THE 4TH
Mississippi State University Bulldogs batting - Pitching for Coastal Carolina University Chanticleers : RHP Johnnie Cowan
Batting: RHB Benito Gonzales 0-0: DOUBLE (Flyball, 8RXD, EV 98.1 MPH)
Batting: SHB Jim Rutherford 0-0: Ball
1-0: Foul Ball, location: 2F
1-1: Ball
2-1: Ball
3-1: Base on Balls
Batting: RHB Masahito Sunada 0-0: Called Strike
0-1: Swinging Strike
0-2: Grounds into double play, 6-4-3 (Groundball, 6, EV 78.8 MPH)
Benito Gonzales to third
Batting: RHB Eric Riley 0-0: Called Strike
0-1: Foul Ball, location: 2F
0-2: Ball
1-2: Ball
2-2: Ground out 6-3 (Groundball, 6, EV 90.6 MPH)
Top of the 4th over - 0 runs, 1 hit, 0 errors, 1 left on base; Mississippi State University 0 - Coastal Carolina University 0
BOTTOM OF THE 4TH
Coastal Carolina University Chanticleers batting - Pitching for Mississippi State University Bulldogs : RHP Randy Kirby
Batting: RHB Tristan Walsh 0-0: Ball
1-0: Fly out, F4 (Line Drive, 4, EV 68.8 MPH)
Batting: RHB Greg Williams 0-0: Ball
1-0: SINGLE (Line Drive, 34D, EV 96.2 MPH)
Batting: RHB Kees Vroom 0-0: Foul Ball, location: 2F
0-1: Foul Ball, location: 2F
0-2: Fielders Choice at 2nd, 4-6 (Groundball, 4, EV 81.9 MPH)
Batting: RHB Johnnie Cowan 0-0: Foul Ball, location: 2F
0-1: Ball
1-1: Foul Ball, location: 2F
1-2: Foul Ball, location: 2F
1-2: Strikes out looking
Bottom of the 4th over - 0 runs, 1 hit, 0 errors, 1 left on base; Mississippi State University 0 - Coastal Carolina University 0
TOP OF THE 5TH
Mississippi State University Bulldogs batting - Pitching for Coastal Carolina University Chanticleers : RHP Johnnie Cowan
Now at 2B: Ferri Casteleijn
Now at 3B: Tristan Williams
Now at SS: Ling-kung Hsing
Now in LF: Chris McDaniel
Batting: RHB Karl Lukasiewicz 0-0: Ball
1-0: Ball
2-0: Foul Ball, location: 2F
2-1: Fly out, F8 (Flyball, 8LD, EV 101.9 MPH)
Batting: RHB Bill Petipas 0-0: Foul Ball, location: 2F
0-1: Fly out, F9 (Flyball, 89S, EV 90.6 MPH)
Batting: LHB Tom Ploughman 0-0: Ball
1-0: SINGLE (Groundball, 23, EV 71.2 MPH) (infield hit)
Pinch Hitting: RHB Cody Ammann 0-0: SINGLE (Line Drive, 34D, EV 96.2 MPH)
Tom Ploughman to second
Pinch Hitting: RHB Freddie Kite 0-0: Called Strike
0-1: Swinging Strike
0-2: Foul Ball, location: 2F
0-2: Ball
1-2: DOUBLE (Flyball, 89D, EV 105.0 MPH)
Tom Ploughman scores
Cody Ammann to third
Runner from 3rd tries for Home, SAFE, no throw by CF
Batting: RHB Benito Gonzales 0-0: Called Strike
0-1: Ball
1-1: Foul Ball, location: 2F
1-2: Ball
2-2: SINGLE (Groundball, 6MD, EV 99.4 MPH)
Freddie Kite to third
Runner from 3rd tries for Home, throw by CF and OUT! 8-2
Top of the 5th over - 2 runs, 4 hits, 0 errors, 1 left on base; Mississippi State University 2 - Coastal Carolina University 0
BOTTOM OF THE 5TH
Coastal Carolina University Chanticleers batting - Pitching for Mississippi State University Bulldogs : RHP Randy Kirby
Now at C: Oscar Vargas
Now at 2B: Jun Qing
Now at 3B: Paulo Aubert
Now at SS: Ryan Muldoon
Now in LF: Shou-xin Ouyang
Now in RF: Jesse Hodges
Batting: RHB Ling-kung Hsing 0-0: Ball
1-0: Ball
2-0: Called Strike
2-1: Ball
3-1: Base on Balls
Batting: LHB Justin Sanders 0-0: Called Strike
0-1: Swinging Strike
0-2: Foul Ball, location: 2F
0-2: Strikes out looking
Batting: SHB Iher Waithaka 0-0: Fly out, F7 (Flyball, 7D, EV 86.9 MPH)
Batting: RHB Chris McDaniel 0-0: Ball
1-0: Swinging Strike
1-1: Ball
2-1: Ball
3-1: SINGLE (Groundball, 56S, EV 71.2 MPH) (infield hit)
Ling-kung Hsing to second
Batting: RHB Tristan Williams 0-0: Foul Ball, location: 2F
0-1: Called Strike
0-2: Ball
1-2: Ball
2-2: Fly out, F3 (Popup, 3SF, EV 78.8 MPH)
Bottom of the 5th over - 0 runs, 1 hit, 0 errors, 2 left on base; Mississippi State University 2 - Coastal Carolina University 0
TOP OF THE 6TH
Mississippi State University Bulldogs batting - Pitching for Coastal Carolina University Chanticleers : RHP Johnnie Cowan
Pitching: RHP Jeff Box
Now at 1B: Tim Kirby
Batting: SHB Shou-xin Ouyang 0-0: Foul Ball, location: 2F
0-1: Ball
1-1: Ground out 6-3 (Groundball, 6M, EV 86.9 MPH)
Batting: RHB Jay Britz 0-0: Ball
1-0: Ball
2-0: Called Strike
2-1: Fly out, F7 (Line Drive, 78M, EV 91.9 MPH)
Batting: RHB Oscar Vargas 0-0: Ball
1-0: Ball
2-0: Swinging Strike
2-1: Foul Ball, location: 2F
2-2: Ball
3-2: Base on Balls
Batting: RHB Karl Lukasiewicz 0-0: Reached on error, E6 (Groundball, P, EV 89.4 MPH)
Oscar Vargas to third
Batting: RHB Jun Qing 0-0: Called Strike
0-1: Ball
1-1: Ball
2-1: Ball
3-1: Foul Ball, location: 2F
3-2: DOUBLE (Groundball, 5L, EV 102.5 MPH)
Oscar Vargas scores
Karl Lukasiewicz scores
Batting: LHB Tom Ploughman 0-0: Fly out, F7 (Flyball, 7S, EV 86.9 MPH)
Top of the 6th over - 2 runs, 1 hit, 1 error, 1 left on base; Mississippi State University 4 - Coastal Carolina University 0
BOTTOM OF THE 6TH
Coastal Carolina University Chanticleers batting - Pitching for Mississippi State University Bulldogs : RHP Randy Kirby
Batting: RHB Ferri Casteleijn 0-0: Ball
1-0: Called Strike
1-1: Reached on error, E3 (Groundball, 34S, EV 85.0 MPH)
Batting: RHB Greg Williams 0-0: Called Strike
Ferri Casteleijn steals 3rd base
0-1: Ground out 6-3 (Groundball, 6S, EV 77.5 MPH)
Ferri Casteleijn scores
Batting: LHB Tim Kirby 0-0: Foul Ball, location: 2F
0-1: Ball
1-1: Ball
2-1: Ground out U3 (Groundball, 23, EV 88.8 MPH)
Batting: LHB Nate Kokx 0-0: Ball
1-0: Swinging Strike
1-1: Called Strike
1-2: Ball
2-2: Strikes out swinging
Bottom of the 6th over - 1 run, 0 hits, 1 error, 0 left on base; Mississippi State University 4 - Coastal Carolina University 1
TOP OF THE 7TH
Mississippi State University Bulldogs batting - Pitching for Coastal Carolina University Chanticleers : RHP Jeff Box
Pitching: RHP Jayden Cody
Now in RF: Milo Karadzic
Batting: RHB Ryan Muldoon 0-0: Ball
1-0: SINGLE (Groundball, 34D, EV 100.0 MPH)
Batting: RHB Jesse Hodges 0-0: Ball
1-0: Called Strike
1-1: Foul Ball, location: 2F
1-2: Strikes out swinging
Batting: RHB Paulo Aubert 0-0: Ball
1-0: Called Strike
1-1: Foul Ball, location: 2F
1-2: Foul Ball, location: 2F
1-2: Strikes out swinging
Batting: SHB Shou-xin Ouyang 0-0: Called Strike
0-1: Ball
1-1: Called Strike
1-2: Ball
2-2: Ball
3-2: SINGLE (Groundball, 4S, EV 100.0 MPH)
Ryan Muldoon to second
Ryan Muldoon to third
Batting: RHB Jon Van Dam 0-0: SINGLE (Groundball, 25, EV 68.8 MPH) (infield hit)
Ryan Muldoon scores
Shou-xin Ouyang to second
Batting: RHB Oscar Vargas 0-0: Foul Ball, location: 2F
0-1: Ball
1-1: DOUBLE (Groundball, 5L, EV 109.4 MPH)
Shou-xin Ouyang scores
Jon Van Dam to third
Batting: RHB Karl Lukasiewicz 0-0: Ball
1-0: Ball
2-0: Ground out 5-3 (Groundball, 5, EV 104.4 MPH)
Top of the 7th over - 2 runs, 4 hits, 0 errors, 2 left on base; Mississippi State University 6 - Coastal Carolina University 1
BOTTOM OF THE 7TH
Coastal Carolina University Chanticleers batting - Pitching for Mississippi State University Bulldogs : RHP Randy Kirby
Pitching: RHP Rich Martinez
Batting: RHB Ling-kung Hsing 0-0: Ground out 1-3 (Groundball, 13S, EV 60.6 MPH)
Batting: LHB Milo Karadzic 0-0: Foul Ball, location: 2F
0-1: SOLO HOME RUN (Flyball, 89XD, EV 99.4 MPH), Distance : 412 ft
Batting: SHB Iher Waithaka 0-0: Called Strike
0-1: Ball
1-1: Ground out 5-3 (Groundball, 56, EV 91.9 MPH)
Batting: RHB Chris McDaniel 0-0: Ball
1-0: Ball
2-0: Foul Ball, location: 2F
2-1: Ground out 1-3 (Groundball, 13S, EV 73.1 MPH)
Bottom of the 7th over - 1 run, 1 hit, 0 errors, 0 left on base; Mississippi State University 6 - Coastal Carolina University 2
TOP OF THE 8TH
Mississippi State University Bulldogs batting - Pitching for Coastal Carolina University Chanticleers : RHP Jayden Cody
Pitching: RHP Quentin Archdeacon
Batting: RHB Jun Qing 0-0: Ball
1-0: Called Strike
1-1: Ball
2-1: Ball
3-1: Base on Balls
Batting: LHB Tom Ploughman 0-0: Foul Ball, location: 2F
0-1: Called Strike
0-2: Ball
1-2: Ball
2-2: Grounds out, U3 (Groundball, 3L, EV 93.1 MPH)
Batting: RHB Ryan Muldoon 0-0: Called Strike
0-1: Fly out, F8 (Flyball, 8RD, EV 103.1 MPH)
Batting: RHB Jesse Hodges 0-0: Ball
1-0: Ball
2-0: Ball
3-0: Foul Ball, location: 2F
3-1: Base on Balls
Batting: RHB Paulo Aubert 0-0: Ground out 6-3 (Groundball, 6M, EV 91.9 MPH)
Top of the 8th over - 0 runs, 0 hits, 0 errors, 2 left on base; Mississippi State University 6 - Coastal Carolina University 2
BOTTOM OF THE 8TH
Coastal Carolina University Chanticleers batting - Pitching for Mississippi State University Bulldogs : RHP Rich Martinez
Batting: RHB Tristan Williams 0-0: Called Strike
0-1: Ball
1-1: Ball
2-1: Swinging Strike
2-2: Foul Ball, location: 2F
2-2: Foul Ball, location: 2F
2-2: Strikes out swinging
Pinch Hitting: RHB Mark Tart 0-0: Ball
1-0: Ball
2-0: Ball
3-0: Called Strike
3-1: Fly out, F8 (Flyball, 8RD, EV 98.8 MPH)
Batting: RHB Greg Williams 0-0: Ball
1-0: Foul Ball, location: 2F
1-1: Swinging Strike
1-2: Ball
2-2: SINGLE (Line Drive, 4M, EV 106.2 MPH)
Pitching: RHP Antonio Ramirez
Batting: LHB Tim Kirby 0-0: Ball
1-0: Called Strike
1-1: Called Strike
1-2: Strikes out swinging
Bottom of the 8th over - 0 runs, 1 hit, 0 errors, 1 left on base; Mississippi State University 6 - Coastal Carolina University 2
TOP OF THE 9TH
Mississippi State University Bulldogs batting - Pitching for Coastal Carolina University Chanticleers : RHP Quentin Archdeacon
Pitching: RHP Ricky Diaz
Now at 2B: Mark Tart
Batting: SHB Shou-xin Ouyang 0-0: Ball
1-0: Foul Ball, location: 2F
1-1: Foul Ball, location: 2F
1-2: Ball
2-2: Ball
3-2: Foul Ball, location: 2F
3-2: SINGLE (Line Drive, 8LS, EV 101.2 MPH)
Batting: LHB Tim Johnson 0-0: Called Strike
0-1: Called Strike
0-2: Strikes out swinging
Pinch Hitting: RHB Josh Simmons 0-0: Foul Ball, location: 2F
0-1: Ball
1-1: Ball
2-1: SINGLE (Groundball, 34, EV 81.9 MPH) (infield hit)
Shou-xin Ouyang to second
Batting: RHB Karl Lukasiewicz 0-0: Ball
1-0: Ball
2-0: Fielders Choice at 2nd, 6-4 (Groundball, 56, EV 87.5 MPH)
Shou-xin Ouyang to third
Batting: RHB Jun Qing 0-0: Foul Ball, location: 2F
0-1: Ball
1-1: Swinging Strike
1-2: Ball
2-2: SINGLE (Groundball, 34S, EV 93.1 MPH) (infield hit)
Shou-xin Ouyang scores
Karl Lukasiewicz to second
Batting: LHB Tom Ploughman 0-0: Called Strike
0-1: Reached on error, E4 (Groundball, 4, EV 99.4 MPH)
Karl Lukasiewicz to third
Jun Qing to second
Batting: RHB Ryan Muldoon 0-0: Fly out, F9 (Flyball, 9S, EV 74.4 MPH)
Top of the 9th over - 1 run, 3 hits, 1 error, 3 left on base; Mississippi State University 7 - Coastal Carolina University 2
BOTTOM OF THE 9TH
Coastal Carolina University Chanticleers batting - Pitching for Mississippi State University Bulldogs : RHP Antonio Ramirez
Pitching: RHP Julio Espana
Now at C: Josh Simmons
Batting: LHB Nate Kokx 0-0: Ball
1-0: Called Strike
1-1: Called Strike
1-2: Reaches on Catchers interference
Batting: RHB Ling-kung Hsing 0-0: Ball
1-0: Foul Ball, location: 2F
1-1: Ball
2-1: Swinging Strike
2-2: Strikes out swinging
Batting: LHB Milo Karadzic 0-0: Called Strike
0-1: Foul Ball, location: 2F
0-2: Strikes out swinging
Batting: SHB Iher Waithaka 0-0: Ball
1-0: Foul Ball, location: 2F
1-1: Ball
2-1: Called Strike
2-2: Ball
3-2: Fly out, F9 (Line Drive, 9, EV 104.4 MPH)
Bottom of the 9th over - 0 runs, 0 hits, 1 error, 1 left on base; Mississippi State University 7 - Coastal Carolina University 2
Sunday, July 16th , 2023 - OOTP Baseball 24.6 Build 69